[ AOE2 MATCH · #506380626 ]
UnrankedRomans vs Khitans
Player's team · WIN
Rival team · LOSS
[ REPLAY ANALYSIS · EXTRACTED FROM THE RECORDED GAME ]
Feudal
9:21
Castle
20:52
Imperial
—
| APM avg | 77.0 |
| APM peak | 124 |
| eAPM avg | 31.0 |
| Villagers / military | 48 / 22 |
Focus
⚔️ 22.2% · 🌾 77.8%
Militia ×17 · Spearman ×3 · Scout Cavalry ×2
Feudal
9:34
Castle
—
Imperial
—
| APM avg | 45.7 |
| APM peak | 82 |
| eAPM avg | 11.7 |
| Villagers / military | 42 / 17 |
Focus
⚔️ 19.3% · 🌾 80.7%
Scout Cavalry ×15 · Archer ×1 · Spearman ×1
Match map
Initial resources + every placement click. Lines = walls · curves = elevation contours. ◆ gold · ⬟ stone · ● berries · ✦ relic · ◌ wall gap
Your base· Open — opponent sealed themselves in
HAKAKAHO's base· Open — 7t gap
Smoothed initial terrain · ◌ = detected wall gap · hover for details
Inputs per minute
— Wonderphil - - HAKAKAHO
Build order — Wonderphil
134 actions detected in the replay
| 0:00 | Queue | Villager (Male) |
| 0:01 | Queue | Villager (Male) |
| 0:01 | Queue | Villager (Male) |
| 0:01 | Queue | Villager (Male) |
| 0:02 | Build | House |
| 0:04 | Build | House |
| 1:23 | Queue | Villager (Male) |
| 1:45 | Build | Lumber Camp |
| 1:52 | Queue | Villager (Male) |
| 2:19 | Queue | Villager (Male) |
| 2:19 | Queue | Villager (Male) |
| 2:52 | Queue | Villager (Male) |
| 3:26 | Queue | Villager (Male) |
| 3:26 | Queue | Villager (Male) |
| 3:47 | Queue | Villager (Male) |
| 3:48 | Queue | Villager (Male) |
| 3:52 | Build | House |
| 3:56 | Build | House |
| 4:15 | Build | Mill |
| 4:20 | Build | Mill |
| 4:32 | Queue | Villager (Male) |
| 4:32 | Queue | Villager (Male) |
| 4:55 | Queue | Villager (Male) |
| 5:21 | Queue | Villager (Male) |
| 5:21 | Queue | Villager (Male) |
| 5:39 | Research | Loom |
| 6:17 | Build | Barracks |
| 6:53 | Build | House |
| 7:11 | Research | Feudal Age |
| 7:47 | Queue | Militia |
| 7:47 | Queue | Militia |
| 8:06 | Build | Mining Camp |
| 8:18 | Queue | Villager (Male) |
| 8:19 | Queue | Villager (Male) |
| 8:19 | Queue | Villager (Male) |
| 8:35 | Queue | Militia |
| 8:35 | Queue | Militia |
| 9:14 | Queue | Militia |
| 9:14 | Queue | Militia |
| 9:21 | Age | Feudal Age |
| 9:33 | Queue | Militia |
| 9:34 | Queue | Villager (Male) |
| 9:35 | Queue | Villager (Male) |
| 9:41 | Build | House |
| 9:58 | Build | House |
| 10:01 | Build | Palisade Wall |
| 10:07 | Queue | Villager (Male) |
| 10:19 | Research | Man-at-Arms (upgrade) |
| 10:19 | Research | Man-at-Arms (upgrade) |
| 10:27 | Build | Blacksmith |
| 10:34 | Research | Double-Bit Axe |
| 10:42 | Queue | Villager (Male) |
| 10:50 | Build | Palisade Wall |
| 10:52 | Build | Palisade Wall |
| 11:04 | Queue | Villager (Male) |
| 11:15 | Queue | Villager (Male) |
| 11:25 | Queue | Villager (Male) |
| 11:37 | Build | Farm |
| 11:40 | Queue | Spearman |
| 11:54 | Build | Palisade Wall |
| 11:56 | Build | Palisade Wall |
| 11:58 | Build | Palisade Wall |
| 12:00 | Queue | Villager (Male) |
| 12:09 | Build | Farm |
| 12:14 | Build | House |
| 12:28 | Build | Farm |
| 12:34 | Queue | Villager (Male) |
| 12:40 | Build | Farm |
| 12:44 | Research | Scale Mail Armor |
| 12:45 | Research | Scale Mail Armor |
| 12:52 | Queue | Villager (Male) |
| 13:06 | Queue | Militia |
| 13:07 | Queue | Militia |
| 13:07 | Queue | Villager (Male) |
| 13:08 | Queue | Villager (Male) |
| 13:16 | Build | Farm |
| 13:16 | Build | Farm |
| 13:27 | Queue | Villager (Male) |
| 13:37 | Queue | Militia |
| 13:39 | Queue | Villager (Male) |
| 13:43 | Build | Farm |
| 13:45 | Build | Farm |
| 13:49 | Build | Farm |
| 13:50 | Queue | Villager (Male) |
| 13:52 | Queue | Militia |
| 14:14 | Queue | Villager (Male) |
| 14:18 | Build | House |
| 14:22 | Build | Palisade Wall |
| 14:23 | Build | Palisade Wall |
| 14:27 | Queue | Villager (Male) |
| 14:33 | Queue | Villager (Male) |
| 14:47 | Queue | Villager (Male) |
| 15:02 | Queue | Villager (Male) |
| 15:05 | Build | House |
| 15:12 | Queue | Villager (Male) |
| 15:15 | Build | Farm |
| 15:15 | Build | Farm |
| 15:15 | Build | Farm |
| 15:15 | Build | Farm |
| 15:45 | Queue | Spearman |
| 15:54 | Queue | Villager (Male) |
| 16:17 | Build | Farm |
| 16:39 | Build | Farm |
| 16:54 | Queue | Villager (Male) |
| 16:54 | Queue | Villager (Male) |
| 17:02 | Build | Farm |
| 17:08 | Build | House |
| 17:09 | Build | House |
| 17:19 | Build | Stable |
| 17:22 | Queue | Villager (Male) |
| 17:22 | Queue | Villager (Male) |
| 18:09 | Queue | Militia |
| 18:09 | Research | Castle Age |
| 18:21 | Queue | Militia |
| 18:35 | Queue | Militia |
| 18:35 | Queue | Militia |
| 19:00 | Build | Stable |
| 19:01 | Research | Scale Barding Armor |
| 19:07 | Queue | Militia |
| 19:38 | Queue | Militia |
| 19:40 | Queue | Villager (Male) |
| 20:01 | Build | Palisade Wall |
| 20:03 | Build | Palisade Wall |
| 20:05 | Build | Palisade Wall |
| 20:07 | Queue | Spearman |
| 20:29 | Research | Forging |
| 20:38 | Queue | Scout Cavalry |
| 20:38 | Queue | Scout Cavalry |
| 20:42 | Build | Farm |
| 20:42 | Build | Farm |
| 20:45 | Build | Farm |
| 20:45 | Build | Farm |
| 20:48 | Build | Farm |
| 20:52 | Age | Castle Age |
Build order — HAKAKAHO
93 actions detected in the replay
| 0:01 | Queue | Villager (Male) |
| 0:01 | Queue | Villager (Male) |
| 0:01 | Queue | Villager (Male) |
| 0:02 | Queue | Villager (Male) |
| 0:02 | Queue | Villager (Male) |
| 0:03 | Build | House |
| 0:05 | Build | House |
| 1:32 | Queue | Villager (Male) |
| 1:47 | Build | Lumber Camp |
| 2:07 | Queue | Villager (Male) |
| 2:25 | Queue | Villager (Male) |
| 2:59 | Queue | Villager (Male) |
| 3:18 | Queue | Villager (Male) |
| 3:49 | Queue | Villager (Male) |
| 3:58 | Build | House |
| 4:03 | Build | House |
| 4:19 | Queue | Villager (Male) |
| 4:19 | Queue | Villager (Male) |
| 4:19 | Queue | Villager (Male) |
| 5:15 | Queue | Villager (Male) |
| 5:15 | Queue | Villager (Male) |
| 6:00 | Queue | Villager (Male) |
| 6:10 | Build | Mill |
| 6:13 | Queue | Villager (Male) |
| 6:15 | Research | Loom |
| 7:24 | Research | Feudal Age |
| 8:06 | Build | Barracks |
| 8:23 | Queue | Villager (Male) |
| 8:34 | Build | House |
| 9:34 | Age | Feudal Age |
| 9:39 | Queue | Spearman |
| 9:42 | Build | Stable |
| 9:53 | Research | Double-Bit Axe |
| 10:20 | Queue | Villager (Male) |
| 10:20 | Queue | Villager (Male) |
| 10:42 | Queue | Scout Cavalry |
| 10:42 | Queue | Scout Cavalry |
| 10:46 | Build | Blacksmith |
| 11:20 | Queue | Villager (Male) |
| 11:20 | Queue | Villager (Male) |
| 11:27 | Build | House |
| 11:28 | Build | House |
| 11:33 | Research | Tech 1014 |
| 11:39 | Research | Forging |
| 11:43 | Queue | Scout Cavalry |
| 11:59 | Build | House |
| 12:16 | Queue | Villager (Male) |
| 12:29 | Queue | Scout Cavalry |
| 12:37 | Queue | Villager (Male) |
| 13:09 | Queue | Villager (Male) |
| 13:09 | Queue | Villager (Male) |
| 13:14 | Build | Pasture |
| 13:18 | Build | Pasture |
| 13:21 | Build | Pasture |
| 13:37 | Queue | Villager (Male) |
| 13:44 | Build | Pasture |
| 13:54 | Build | Mill |
| 14:00 | Queue | Scout Cavalry |
| 14:07 | Queue | Villager (Male) |
| 14:23 | Build | Pasture |
| 14:27 | Queue | Villager (Male) |
| 15:12 | Build | Pasture |
| 15:14 | Build | Pasture |
| 15:24 | Queue | Scout Cavalry |
| 15:30 | Queue | Scout Cavalry |
| 15:38 | Queue | Villager (Male) |
| 15:38 | Queue | Villager (Male) |
| 15:44 | Build | Pasture |
| 15:49 | Build | Pasture |
| 16:02 | Queue | Scout Cavalry |
| 16:18 | Build | Archery Range |
| 16:38 | Queue | Scout Cavalry |
| 16:39 | Queue | Villager (Male) |
| 17:04 | Queue | Villager (Male) |
| 17:09 | Queue | Scout Cavalry |
| 17:17 | Build | Mining Camp |
| 17:27 | Build | House |
| 17:30 | Build | House |
| 17:43 | Queue | Villager (Male) |
| 17:43 | Queue | Villager (Male) |
| 18:02 | Queue | Scout Cavalry |
| 18:42 | Queue | Villager (Male) |
| 18:42 | Queue | Villager (Male) |
| 18:45 | Queue | Scout Cavalry |
| 19:13 | Queue | Scout Cavalry |
| 19:25 | Queue | Villager (Male) |
| 19:28 | Queue | Archer |
| 19:39 | Build | Market |
| 19:49 | Queue | Scout Cavalry |
| 19:56 | Queue | Villager (Male) |
| 20:04 | Queue | Scout Cavalry |
| 20:30 | Queue | Villager (Male) |
| 20:30 | Queue | Villager (Male) |
Match timeline
| 6:17 | Wonderphil · first_building Barracks |
| 8:06 | HAKAKAHO · first_building Barracks |
| 9:21 | Wonderphil · age_up feudal |
| 9:34 | HAKAKAHO · age_up feudal |
| 9:42 | HAKAKAHO · first_building Stable |
| 10:01 | Wonderphil · wall_segment Palisade Wall x5 |
| 10:50 | Wonderphil · wall_segment Palisade Wall x1 |
| 10:52 | Wonderphil · wall_segment Palisade Wall x1 |
| 11:54 | Wonderphil · wall_segment Palisade Wall x1 |
| 11:56 | Wonderphil · wall_segment Palisade Wall x1 |
| 11:58 | Wonderphil · wall_segment Palisade Wall x1 |
| 14:22 | Wonderphil · wall_segment Palisade Wall x1 |
| 14:23 | Wonderphil · wall_segment Palisade Wall x1 |
| 16:18 | HAKAKAHO · first_building Archery Range |
| 17:19 | Wonderphil · first_building Stable |
| 20:01 | Wonderphil · wall_segment Palisade Wall x1 |
| 20:03 | Wonderphil · wall_segment Palisade Wall x1 |
| 20:05 | Wonderphil · wall_segment Palisade Wall x1 |
| 20:52 | Wonderphil · age_up castle |
| 21:04 | HAKAKAHO · resign |
[ AI ANALYSIS · 1 CREDIT ]
What really happened in this match?
Wolo.gg analyzes every decision: build order, eco, micro, common mistakes by bracket. Personalized analysis on WhatsApp or Discord in 30 seconds.
Civ guide
Romans
Perfil
Wonderphil